 Dungeon Crawl Stone Soup version 0.27-a0-1147-gb3d8e82157 (webtiles) character file.

Game seed: 4025576985066815315

12 night the Stinger (level 2, -1/17 HPs)
             Began as an Octopode Venom Mage on May 11, 2021.
             Slain by a ball python (2 damage)
             ... on level 1 of the Dungeon.
             The game lasted 00:01:20 (496 turns).

night the Stinger (Octopode Venom Mage)              Turns: 496, Time: 00:01:21

Health: -1/17      AC:  1    Str:  7    XL:     2   Next: 33%
Magic:  1/5        EV: 10    Int: 17    God:
Gold:   11         SH:  0    Dex: 12    Spells: 4/5 levels left

rFire    . . .     SeeInvis .   (no weapon)
rCold    . . .     Faith    .   (no shield)
rNeg     . . .     Spirit   .   (helmet restricted)
rPois    .         Reflect  .   (no amulet)
rElec    .         Harm     .   (no ring)
rCorr    .         Rampage  .   (no ring)
Will     .....                  (no ring)
Stlth    ++++......             (no ring)
HPRegen  0.05/turn              (no ring)
MPRegen  0.09/turn              (no ring)
                                (no ring)
                                (no ring)

@: constricted
A: almost no armour, amphibious, 8 rings, camouflage 1, gelatinous body 1,
nimble swimmer 1, tentacles
a: no special abilities


You were on level 1 of the Dungeon.
You visited 1 branch of the dungeon, and saw 1 of its levels.

You collected 11 gold pieces.

Inventory:

Missiles
 a - 28 sling bullets
 c - 38 stones (quivered)
 d - 14 bolts
Jewellery
 f - an amulet of magic regeneration
Potions
 b - a potion of heal wounds {unknown}


   Skills:
 + Level 2.2 Dodging
 - Level 3.0 Stealth
 + Level 2.1 Spellcasting
 - Level 1.2 Transmutations
 + Level 3.8 Poison Magic


You had 4 spell levels left.
You knew the following spells:

 Your Spells              Type           Power      Damage    Failure   Level
a - Sting                 Tmut/Pois      40%        1d5       7%          1

Your spell library contained the following spells:

 Spells                   Type           Power      Damage    Failure   Level
 Poisonous Vapours        Pois/Air       16%        N/A       13%         2
 Ignite Poison            Fire/Tmut/Pois 7%         N/A       28%         3
 Mephitic Cloud           Conj/Pois/Air  6%         N/A       34%         3
 Olgreb's Toxic Radiance  Pois           14%        N/A       36%         4


Dungeon Overview and Level Annotations

Branches:
Dungeon (1/15)

Altars:


Innate Abilities, Weirdness & Mutations

You cannot wear most types of armour.
You are amphibious.
You can wear up to eight rings at the same time.
Your skin changes colour to match your surroundings (Stealth+).
Your rubbery body absorbs attacks. (AC +1, EV +1)
You are camouflaged near water. (Stealth+)
You have tentacles for arms and can constrict up to eight enemies at once.


Message History

You see here a giant cockroach corpse.
The ball python barely misses you. The ball python grabs you.
The ball python constricts you.
You escape the ball python's grasp.
A nearby plant withers and dies.
The ball python bites you. The ball python grabs you.
The ball python constricts you.
You escape the ball python's grasp.
A nearby plant withers and dies.
A ball python comes into view.
The ball python hisses angrily.
The ball python barely misses you. The ball python grabs you.
The ball python constricts you.
You escape the ball python's grasp.
The ball python bites you. The ball python closely misses you.
You closely miss the ball python. Your grab misses the ball python.
The ball python bites you. The ball python closely misses you. x3
The ball python bites you. The ball python completely misses you.
The ball python barely misses you. x2
The ball python closely misses you. The ball python grabs you.
The ball python constricts you.
You escape the ball python's grasp.
The ball python closely misses you. x2
The ball python bites you.
* * * LOW HITPOINT WARNING * * *
The ball python closely misses you. The ball python barely misses you.
The ball python misses you. The ball python bites you.
* * * LOW HITPOINT WARNING * * *
The ball python closely misses you.
You closely miss the ball python. You grab the ball python.
You constrict the ball python. The ball python misses you.
The ball python grabs you.
* * * LOW HITPOINT WARNING * * *
The ball python constricts you. The ball python bites you.
* * * LOW HITPOINT WARNING * * *
You completely miss the ball python.
The ball python is moderately wounded.
You constrict the ball python. The ball python closely misses you.
* * * LOW HITPOINT WARNING * * *
The ball python constricts you. The ball python completely misses you.
The ball python bites you.
You die...

♣♣♣♣♣♣ *** *** ♣♣≈≈≈≈♣♣ *,***,***
♣P≈≈≈≈P♣♣♣ *,,,*,,,,
♣♣≈≈≈≈≈P≈≈♣♣*,*,*,***
♣≈≈≈@≈≈≈≈≈≈♣*,*,*,*
♣♣≈≈SS≈≈≈≈≈≈♣*,*,*,*
♣≈≈≈≈≈≈≈≈≈≈P♣,..,,,*
***********♣≈≈≈≈≈≈≈rg≈P♣#.#,***
,,,,,*,,,,,#≈PP≈≈≈≈≈P≈≈....,** **
,,,,.g.....#P≈≈≈≈≈P≈≈≈P.#.*,,***,
,,*,....#...≈≈PPP≈Pw≈≈≈.#,,,,,,,,
*,,,.#.....#≈≈≈≈≈≈P≈≈P≈.#**,**,**
*,*,,...#...≈≈≈PP.P≈P≈≈.# *,,*,*,


You could see a gnoll, a dart slug, 2 ball pythons and a rat.

Vanquished Creatures
  A bat (D:1)
  A giant cockroach (D:1)
  2 goblins (D:1)
  3 hobgoblins (D:1)
  A ball python (D:1)
  2 frilled lizards (D:1)
  A rat (D:1)
11 creatures vanquished.

Vanquished Creatures (others)
  3 plants (D:1)
3 creatures vanquished.

Grand Total: 14 creatures vanquished

Notes
Turn   | Place    | Note
-------+----------+-------------------------------------------
     0 | D:1      | night the Octopode Venom Mage began the quest for the Orb.
     0 | D:1      | Reached XP level 1. HP: 11/11 MP: 3/3
   455 | D:1      | Reached XP level 2. HP: 17/17 MP: 3/5
   495 | D:1      | HP: 2/17 [ball python (1)]
   496 | D:1      | Slain by a ball python

Illustrated notes

Levels and vault maps discovered:
D:1:      giann_forest_graveyard, layout_basic, serial_bayou,
          serial_bayou_pond_b, serial_bayou_lake_a, serial_bayou_shore_a,
          serial_bayou_shore_b, minmay_crystal_room, minmay_misc_feat_five,
          minmay_tall_x

Skill      XL: |  1  2 |
---------------+-------+-----
Stealth        | 3 |  3.0
Dodging        | |  2.2
Spellcasting   | |  2.1
Transmutations | |  1.2
Poison Magic   | |  3.8

Action                   || total
-------------------------++-------
Melee: Unarmed           ||     9
       Constrict         ||     3
       Tentacles         ||     1
Throw: Stone             ||     7
 Cast: Sting             ||    13
  Use: Scroll            ||     1
Armor: Skin              ||     1
Dodge: Dodged            ||    24

Table legend: (Time is in decaauts)
 A = Elapsed time spent in this place.
 B = Non-inter-level travel time spent in this place.
 C = Inter-level travel time spent in this place.
 D = Time resting spent in this place.
 E = Time spent auto-exploring this place.
 F = Levels seen in this place.
 G = Mean time per level.
                   A        B        C        D        E       F      G
               +--------+--------+--------+--------+--------+-----+--------+
         Total |    496 |    496 |      0 |    163 |    240 |   1 |  496.0 |
       Dungeon |    496 |    496 |      0 |    163 |    240 |   1 |  496.0 |
               +--------+--------+--------+--------+--------+-----+--------+

Top non-repeatable levels by time:
     D:1: 496 daAuts
